 Dungeon Crawl Stone Soup version 0.32-a0-913-g739538afd8 (webtiles) character file.

Game seed: 4499728973672491618

1122 zazu2006 the Covert (level 8, -3/54 (64) HPs)
             Began as a Gnoll Wanderer on Apr 9, 2024.
             Slain by a troll (10 damage)
             ... on level 6 of the Dungeon.
             The game lasted 00:10:35 (4083 turns).

zazu2006 the Covert (Gnoll Wanderer)                Turns: 4083, Time: 00:10:36

HP:   -3/54 (64)    AC:  6    Str: 12    XL:     8   Next: 35%
MP:   13/14         EV: 12    Int: 11    God:
Gold: 320           SH:  0    Dex: 17    Spells: 14/15 levels left

rFire   . . .        g - +8 short sword of the Salmon {flame, rC+ Int-2 Dex+5}
rCold   + . .        (no shield)
rNeg    + . .        c - +0 leather armour
rPois   +            l - +0 helmet
rElec   .            (no cloak)
rCorr   +            m - +1 pair of gloves "Ibequgad" {-Tele rN+ rCorr}
SInv    .            (no boots)
Will    .....        (no amulet)
Stlth   ++++         k - ring of poison resistance
HPRegen 0.29/turn    t - ring of flight
MPRegen 0.14/turn

%: no teleportation
@: flying, heavily drained
A: fangs 1, strong nose, distributed training
a: no special abilities


You were on level 6 of the Dungeon.
You visited 2 branches of the dungeon, and saw 7 of its levels.

You collected 320 gold pieces.

Inventory:

Hand Weapons
 a - a +0 dagger
 g - the +8 short sword of the Salmon (weapon) {flame, rC+ Int-2 Dex+5}
   (You took it off a goblin on level 4 of the Dungeon)

   Int-2:     It affects your intelligence (-2).
   Dex+5:     It affects your dexterity (+5).
   rC+:       It protects you from cold.
 i - a +0 scimitar
Armour
 c - a +0 leather armour (worn)
 l - a +0 helmet (worn)
 m - the +1 pair of gloves "Ibequgad" (worn) {-Tele rN+ rCorr}
   (You found it on level 3 of the Dungeon)

   rN+:       It protects you from negative energy.
   -Tele:     It prevents most forms of teleportation.
   rCorr:     It protects you from acid and corrosion.
Jewellery
 k - a ring of poison resistance (left hand)
 r - a ring of ice
 t - a ring of flight (right hand)
Scrolls
 b - 5 scrolls of identify {unknown}
 j - 3 scrolls of enchant weapon {unknown}
 n - 2 scrolls of fear {unknown}
 o - a scroll of fog {unknown}
 p - a scroll of enchant armour {unknown}
 q - a scroll of revelation {unknown}
 u - a scroll of amnesia {unknown}
Potions
 d - 3 potions of attraction
 e - a potion of heal wounds {unknown}
 h - 2 potions of might
 s - 2 potions of degeneration {unknown}


   Skills:
 + Level 5.7 Fighting
 + Level 3.3 Short Blades
 + Level 3.3 Long Blades
 + Level 3.3 Axes
 + Level 3.3 Maces & Flails
 + Level 3.3 Polearms
 + Level 3.3 Staves
 + Level 3.3 Ranged Weapons
 + Level 3.3 Throwing
 + Level 3.3 Armour
 + Level 3.3 Dodging
 + Level 10.1 Stealth
 + Level 3.3 Shields
 + Level 3.3 Unarmed Combat
 + Level 4.4 Spellcasting
 + Level 2.7 Conjurations
 + Level 2.7 Hexes
 + Level 2.7 Summonings
 + Level 4.7 Necromancy
 + Level 2.7 Translocations
 + Level 2.7 Fire Magic
 + Level 2.7 Ice Magic
 + Level 2.7 Air Magic
 + Level 2.7 Earth Magic
 + Level 2.7 Alchemy
 + Level 3.6 Invocations
 + Level 3.3 Evocations
 + Level 3.0 Shapeshifting


You had 14 spell levels left.
You knew the following spells:

 Your Spells              Type           Power      Damage    Failure   Level
a - Kiss of Death         Conj/Necr      40%        2d8       6%          1

Your spell library contained the following spells:

 Spells                   Type           Power      Damage    Failure   Level
 Slow                     Hex            32%        N/A       10%         1
 Fugue of the Fallen      Necr           12%        N/A       12%         3
 Vampiric Draining        Necr           12%        2d6       12%         3
 Confusing Touch          Hex            8%         N/A       28%         3
 Tukima's Dance           Hex            8%         N/A       28%         3
 Passage of Golubria      Tloc           8%         N/A       67%         4
 Yara's Violent Unravell  Hex/Alch       4%         3d4       95%         5


Dungeon Overview and Level Annotations

Branches:
Dungeon (6/15)             Temple (1/1) D:6

Altars:
Ashenzari
Cheibriados
Dithmenos
Elyvilon
Fedhas
Gozag
Hepliaklqana
Kikubaaqudgha
Nemelex Xobeh
Okawaru
Qazlal
Ru
Sif Muna
Trog
Uskayaw
Xom
Yredelemnul
Zin
The Shining One

Shops:
D:3 *

Annotations:
D:3 1 runed translucent door, Crazy Yiuf
D:6 2 runed translucent doors
Temple 2 transporters


Innate Abilities, Weirdness & Mutations

You have very sharp teeth.
Your uncanny sense of smell can sniff out nearby items.
Your experience applies equally to all skills.


Message History

The ufetubus closely misses you. The ufetubus barely misses you.
You closely miss the ufetubus.
You bite the ufetubus, but do no damage.
The ufetubus is heavily wounded.
The ufetubus hits you. The ufetubus completely misses you.
You puncture the ufetubus! You burn the ufetubus.
You kill the ufetubus!
A troll comes into view.
The troll bites you. The troll claws you. The troll claws you!
You hit the troll. You burn the troll. You bite the troll, but do no damage.
The troll is lightly wounded.
Casting: Kiss of Death (safe; 6% risk of failure)
Confirm with . or Enter, or press ? or * to list all spells.
Aiming: Kiss of Death (safe; 6% risk of failure)
Press: ? - help, Shift-Dir - straight line, f - troll
Aim: a troll (lightly wounded, 100% to hit)
The fragment of death hits the troll!
The troll is drained!
The troll is heavily wounded.
You feel drained. The troll bites you! The troll barely misses you. x2
Unknown command.
You hit the troll. You burn the troll.
The troll is heavily wounded.
The troll bites you! The troll claws you.
* * * LOW HITPOINT WARNING * * *
The troll claws you!
* * * LOW HITPOINT WARNING * * *
You feel better. The troll bites you.
* * * LOW HITPOINT WARNING * * *
The troll claws you.
* * * LOW HITPOINT WARNING * * *
The troll claws you.
* * * LOW HITPOINT WARNING * * *
You feel better. The troll misses you. The troll claws you.
* * * LOW HITPOINT WARNING * * *
The troll claws you!
* * * LOW HITPOINT WARNING * * *
You feel better. The troll closely misses you. The troll claws you.
* * * LOW HITPOINT WARNING * * *
The troll claws you!
You die...

############
###..........#
####...#....)...##
.........######..##
........##...@##..#
........#.####T#..#
........#.†#∆ .#..#
.##++##.'.#.# .#(.#
#ß.. ####### .#..#
#ß.. ∆ ##..# #?.W ∆
#...# #|. ∆ #...# ∆
∆##..#


You could see a troll (drained).

Vanquished Creatures
  A water moccasin (D:4)
  A black bear (D:4)
  2 ogres
  2 bullfrogs (D:6)
  A scorpion (D:6)
  6 jellies
  3 hounds
  2 sleepcaps
  3 iguanas
  An orc wizard (D:6)
  5 adders
  3 ufetubi (D:6)
  6 dart slugs
  A ribbon worm (D:2)
  13 orcs
  9 ball pythons
  6 endoplasms
  2 giant cockroaches
  6 goblins
  7 hobgoblins
  6 quokkas
  4 bats
  A frilled lizard (D:2)
  5 kobolds
  5 rats
101 creatures vanquished.

Notes
Turn   | Place    | Note
-------+----------+-------------------------------------------
     0 | D:1      | Reached skill level 9 in Stealth
     0 | D:1      | zazu2006 the Gnoll Wanderer began the quest for the Orb.
     0 | D:1      | zazu2006 set off with the following items: a +0 dagger, a
                  | +0 helmet, a +0 leather armour, 2 potions of attraction;
                  | and the following spell memorised: Kiss of Death; and the
                  | following spells available to memorise: Fugue of the
                  | Fallen, Vampiric Draining.
     0 | D:1      | Reached XP level 1. HP: 20/20 MP: 4/4
    94 | D:1      | Reached XP level 2. HP: 23/25 MP: 5/5
   473 | D:2      | Reached XP level 3. HP: 31/31 MP: 7/7
   585 | D:2      | Reached skill level 1 in Invocations
   655 | D:2      | You fall into a shaft and drop 1 floor!
   671 | D:3      | Reached skill level 1 in Short Blades
   671 | D:3      | Reached skill level 1 in Long Blades
   671 | D:3      | Reached skill level 1 in Axes
   671 | D:3      | Reached skill level 1 in Maces & Flails
   671 | D:3      | Reached skill level 1 in Polearms
   671 | D:3      | Reached skill level 1 in Staves
   671 | D:3      | Reached skill level 1 in Ranged Weapons
   671 | D:3      | Reached skill level 1 in Throwing
   671 | D:3      | Reached skill level 1 in Armour
   671 | D:3      | Reached skill level 1 in Dodging
   671 | D:3      | Reached skill level 1 in Shields
   671 | D:3      | Reached skill level 1 in Unarmed Combat
   671 | D:3      | Reached skill level 1 in Evocations
   674 | D:3      | Reached skill level 1 in Conjurations
   674 | D:3      | Reached skill level 1 in Hexes
   674 | D:3      | Reached skill level 1 in Summonings
   674 | D:3      | Reached skill level 1 in Translocations
   674 | D:3      | Reached skill level 1 in Fire Magic
   674 | D:3      | Reached skill level 1 in Ice Magic
   674 | D:3      | Reached skill level 1 in Air Magic
   674 | D:3      | Reached skill level 1 in Earth Magic
   674 | D:3      | Reached skill level 1 in Alchemy
   674 | D:3      | Reached skill level 1 in Shapeshifting
   674 | D:3      | Reached XP level 4. HP: 35/38 MP: 8/8
   735 | D:3      | Found a stormy altar of Qazlal.
   737 | D:3      | Found an opulent altar of Gozag.
   771 | D:3      | Found Meosaop's Assorted Antiques.
  1076 | D:3      | Identified the +1 pair of gloves "Ibequgad" {-Tele rN+
                  | rCorr}
  1360 | D:3      | Found a runed translucent door.
  1361 | D:3      | Noticed Crazy Yiuf
  1971 | D:4      | Found a shimmering altar of Xom.
  1971 | D:4      | Noticed a black bear
  1996 | D:3      | Reached XP level 5. HP: 28/38 MP: 9/9
  2194 | D:4      | Noticed an ogre
  2223 | D:4      | Killed an ogre
  2224 | D:4      | Reached skill level 5 in Fighting
  2224 | D:4      | Reached XP level 6. HP: 16/51 MP: 8/11
  2381 | D:4      | Noticed a water moccasin
  2388 | D:4      | Killed a water moccasin
  2609 | D:4      | Identified the +8 short sword of the Salmon {flame, rC+
                  | Int-2 Dex+5}
  2661 | D:4      | Killed a black bear
  2662 | D:4      | Reached XP level 7. HP: 24/55 MP: 10/12
  3182 | D:5      | Entered Level 5 of the Dungeon
  3330 | D:5      | Reached skill level 10 in Stealth
  3926 | D:6      | Reached XP level 8. HP: 62/63 MP: 14/14
  3929 | D:6      | Found a staircase to the Ecumenical Temple.
  3935 | Temple   | Found a transporter.
  3935 | Temple   | Found a transporter.
  3935 | Temple   | Found a transporter.
  3935 | Temple   | Found a transporter.
  3935 | Temple   | Entered the Ecumenical Temple
  4048 | D:6      | Found a large runed translucent door.
  4048 | D:6      | Found a large runed translucent door.
  4052 | D:6      | Noticed a wraith
  4075 | D:6      | Noticed a troll
  4083 | D:6      | Slain by a troll

Illustrated notes

Levels and vault maps discovered:
D:1:      hellmonk_arrival_library, layout_loops_ring,
          minmay_misc_feat_secret_circle, minmay_quantized
D:2:      layout_rooms, shapermc_ecumenical_altar_mp_vishouse, fountainhead,
          kennysheep_generic_room_10
D:3:      layout_loops_ring, nicolae_overflow_squiral, serial_shops, shop,
          kennysheep_generic_room_11, uniq_crazy_yiuf_cottage
D:4:      layout_layer_cave, chequers_hall_statues_y,
          serial_library_hellmonk_filled_rooms, minmay_ruined_shrine
D:5:      layout_cave_pools
D:6:      kennysheep_slugbush, layout_loops_ring, vehumet_crystals,
          minmay_temple_entry_gardened_gates, minmay_hollow_rounded_squares
Temple:   hellmonk_temple_divided_pantheon

Skill      XL: |  1  2  3  4  5  6  7  8 |
---------------+-------------------------+-----
Stealth        | 10 | 10.1
Invocations    | 1 2 3 |  3.6
Short Blades   | 1 2 3 |  3.3
Long Blades    | 1 2 3 |  3.3
Axes           | 1 2 3 |  3.3
Maces & Flails | 1 2 3 |  3.3
Polearms       | 1 2 3 |  3.3
Staves         | 1 2 3 |  3.3
Ranged Weapons | 1 2 3 |  3.3
Throwing       | 1 2 3 |  3.3
Armour         | 1 2 3 |  3.3
Dodging        | 1 2 3 |  3.3
Shields        | 1 2 3 |  3.3
Unarmed Combat | 1 2 3 |  3.3
Evocations     | 1 2 3 |  3.3
Spellcasting   | 3 4 |  4.4
Conjurations   | 1 2 |  2.7
Hexes          | 1 2 |  2.7
Summonings     | 1 2 |  2.7
Translocations | 1 2 |  2.7
Fire Magic     | 1 2 |  2.7
Ice Magic      | 1 2 |  2.7
Air Magic      | 1 2 |  2.7
Earth Magic    | 1 2 |  2.7
Alchemy        | 1 2 |  2.7
Shapeshifting  | 1 2 3 |  3.0
Necromancy     | 4 |  4.7
Fighting       | 5 |  5.7

Action                     |  1- 3 |  4- 6 |  7- 9 || total
---------------------------+-------+-------+-------++-------
  Melee: Dagger            |    88 |    59 |       ||   147
         Bite              |     8 |    16 |    10 ||    34
         Scimitar          |       |    56 |       ||    56
         Short sword       |       |     4 |    89 ||    93
   Cast: Kiss of Death     |     2 |     3 |     1 ||     6
    Use: Potion            |       |     4 |     3 ||     7
   Stab: Sleeping          |    12 |    13 |     9 ||    34
 Armour: Leather armour    |    68 |    84 |    53 ||   205
  Dodge: Dodged            |    46 |    56 |    39 ||   141

Table legend: (Time is in decaauts)
 A = Elapsed time spent in this place.
 B = Non-inter-level travel time spent in this place.
 C = Inter-level travel time spent in this place.
 D = Time resting spent in this place.
 E = Time spent auto-exploring this place.
 F = Levels seen in this place.
 G = Mean time per level.
                   A        B        C        D        E       F      G
               +--------+--------+--------+--------+--------+-----+--------+
         Total |   4057 |   3947 |    110 |      0 |   2765 |   7 |  579.6 |
       Dungeon |   4031 |   3929 |    102 |      0 |   2765 |   6 |  671.8 |
        Temple |     25 |     17 |      8 |      0 |      0 |   1 |   25.0 |
               +--------+--------+--------+--------+--------+-----+--------+

Top non-repeatable levels by time:
     D:4: 1734 daAuts
     D:3: 780 daAuts
     D:5: 585 daAuts
     D:1: 388 daAuts
     D:6: 278 daAuts
     D:2: 264 daAuts
  Temple: 25 daAuts
